 Dungeon Crawl Stone Soup version 0.27-a0-277-g024f7ef292 (webtiles) character file.

Game seed: 15618347671521404769

300 tsouns the Skirmisher (level 6, -2/54 HPs)
             Began as a Palentonga Delver on Feb 5, 2021.
             Killed from afar by an orc wizard (6 damage)
             ... with a magic dart
             ... on level 3 of the Dungeon.
             The game lasted 00:07:19 (3431 turns).

tsouns the Skirmisher (Palentonga Delver)           Turns: 3431, Time: 00:07:20

Health: -2/54      AC: 11    Str: 15 (17) XL:     6   Next: 13%
Magic:  6/6        EV:  6    Int: 10 (11) God:
Gold:   100        SH:  7    Dex: 10 (11) Spells: 5/5 levels left

rFire    . . .     SeeInvis +   a - +0 falchion
rCold    . . .     Faith    .   l - +0 kite shield
rNeg     . . .     Spirit   .   p - +0 ring mail
rPois    +         Reflect  .   (helmet restricted)
rElec    .         Harm     .   k - +2 cloak
rCorr    .         Rampage  .   h - +2 pair of gloves
Will     .....                  (no barding)
Stlth    +.........             (no amulet)
HPRegen  0.18/turn              n - ring of poison resistance
MPRegen  0.10/turn              (no ring)

@: very slightly contaminated, hasted, very quick
A: large, antennae 1, stinger 1, rugged brown scales 3, see invisible, deformed
body, frail 1, wild magic 2, roll 1, armoured tail
a: Rolling Charge


You were on level 3 of the Dungeon.
You visited 1 branch of the dungeon, and saw 5 of its levels.

You collected 100 gold pieces.

Inventory:

Hand Weapons
 a - a +0 falchion (weapon)
Armour
 h - a +2 pair of gloves (worn)
 k - a +2 cloak (worn)
 l - a +0 kite shield (worn)
 p - a +0 ring mail (worn)
Jewellery
 n - a ring of poison resistance (left hand)
Wands
 g - a wand of digging (3)
Scrolls
 c - a scroll of fog
 d - 2 scrolls of magic mapping
 e - a scroll of fear


   Skills:
 + Level 5.2 Fighting
 + Level 4.6 Long Blades
 - Level 1.5 Dodging
 - Level 3.3 Stealth
 * Level 0.9 Shields


You had 5 spell levels left.
You didn't know any spells.
Your spell library was empty.

Dungeon Overview and Level Annotations

Branches:
Dungeon (5/15)
 Temple: D:4-7

Altars:


Innate Abilities, Weirdness & Mutations

You are completely covered in rugged brown scales. (AC +3, +7% HP)
You have supernaturally acute eyesight. (SInv)
Armour fits poorly on your strangely shaped body.
You can roll at nearby foes to attack.
You have a long armoured tail.
You have a pair of small antennae on your head.
Your tail ends in a poisonous barb.
You are frail. (-10% HP)
Your spells are harder to cast, but more powerful.


Message History

You are confused.
You hit the orc wizard but do no damage.
Your tail-slap misses the orc wizard.
The orc wizard is almost dead.
The orc wizard barely misses you.
You bump into the rock wall.
The orc wizard casts a spell at itself.
The orc wizard flickers and vanishes for a moment.
Really quaff the potion of mutation?
You feel extremely strange.
You feel stupid.
You feel stable.
You feel frail.
You feel less in control of your magic. x2
Unknown command.
You bump into the rock wall.
You bump into the rock wall.
You feel less confused. You block the orc wizard's attack.
The orc wizard casts a spell at you. The magic dart hits you.
You die...

## ... ######### ....
#.......# ?.... #.#.###.##
#####>..... #..†.....# ###
#..))o.....
#.#.###..######o###.###o.....
#............@.oY...# .....
###.#########.....### g...
#.# ##...## ... #.# ##.## ...
#.# #.# #.# ####.#### #.# #.#
#.......# #+## #.#
#.##.##.#### ##...## #.#
#.##.......###.....## ###.#


You could see an ice beast, an orc wizard (invisible) and an orc.

Vanquished Creatures
  An orc priest (D:2)
  Crazy Yiuf (D:2)
  Natasha (thrice) (D:2)
  An orc wizard (D:3)
  A worker ant (D:2)
  An adder (D:2)
  An adder zombie (D:3)
  3 worms
  5 dart slugs (D:1)
  2 leopard geckos
  7 orcs
  2 giant cockroaches (D:2)
  3 goblins
  3 hobgoblins
  4 jackals (D:3)
  A quokka (D:3)
  9 bats
  6 frilled lizards
  A jackal skeleton (D:4)
  12 kobolds
  6 rats
73 creatures vanquished.

Vanquished Creatures (others)
  2 orc wizards (D:3)
  A goblin (D:3)
3 creatures vanquished.

Grand Total: 76 creatures vanquished

Notes
Turn   | Place    | Note
-------+----------+-------------------------------------------
     0 | D:5      | tsouns the Palentonga Delver began the quest for the Orb.
     0 | D:5      | Reached XP level 1. HP: 20/20 MP: 1/1
   209 | D:2      | Reached XP level 2. HP: 27/27 MP: 2/2
   317 | D:2      | Reached XP level 3. HP: 9/35 MP: 3/3
   576 | D:2      | Noticed Natasha
   909 | D:1      | Reached skill level 4 in Fighting
  1209 | D:1      | Reached XP level 4. HP: 39/42 MP: 4/4
  2009 | D:2      | Found a runed translucent door.
  2010 | D:2      | Noticed Crazy Yiuf
  2081 | D:2      | Killed Crazy Yiuf
  2082 | D:2      | Reached XP level 5. HP: 29/49 MP: 5/5
  2388 | D:2      | Killed Natasha
  2436 | D:2      | Noticed Natasha
  2443 | D:2      | Killed Natasha
  2496 | D:2      | Noticed Natasha
  2507 | D:2      | Killed Natasha
  2508 | D:2      | Reached skill level 5 in Fighting
  3144 | D:3      | Reached XP level 6. HP: 52/59 MP: 6/6
  3378 | D:3      | Noticed an ice beast
  3389 | D:3      | Gained mutation: You are occasionally teleported next to
                  | monsters. [potion of mutation]
  3389 | D:3      | Gained mutation: Your tail ends in a poisonous barb.
                  | [potion of mutation]
  3389 | D:3      | Gained mutation: You have a pair of small antennae on your
                  | head. [potion of mutation]
  3389 | D:3      | Gained mutation: Your mind is acute. (Int +2) [potion of
                  | mutation]
  3427 | D:3      | Lost mutation: Your mind is acute. (Int +2) [potion of
                  | mutation]
  3427 | D:3      | Lost mutation: You are occasionally teleported next to
                  | monsters. [potion of mutation]
  3427 | D:3      | Gained mutation: You are frail. (-10% HP) [potion of
                  | mutation]
  3427 | D:3      | Gained mutation: Your spells are a little harder to cast,
                  | but a little more powerful. [potion of mutation]
  3427 | D:3      | Gained mutation: Your spells are harder to cast, but more
                  | powerful. [potion of mutation]
  3431 | D:3      | Killed from afar by an orc wizard

Illustrated notes

Levels and vault maps discovered:
D:1:      scummos_arrival_simple_crosswalls, layout_loops_corners
D:2:      layout_loops_ring, uniq_natasha, uniq_crazy_yiuf_cottage
D:3:      layout_loops_corners, chequers_temple_overflow_minitemple
D:4:      layout_loops_ring, eat_drink_and_be_merry_uskayaw
D:5:      layout_loops_ring, tgw_xom, lemuel_coloured_pillars_altar

Skill      XL: |  1  2  3  4  5 |
---------------+----------------+-----
Long Blades    | 3 4 |  4.6
Fighting       | 4 5 |  5.2
Dodging        | |  1.5
Stealth        | |  3.3
Shields        | |  0.9

Action                   |  1- 3 |  4- 6 || total
-------------------------+-------+-------++-------
Melee: Falchion          |    76 |   174 ||   250
       Tailslap          |     7 |    19 ||    26
 Abil: Rolling Charge    |     1 |       ||     1
  Use: Potion            |     2 |     7 ||     9
       Scroll            |     1 |     4 ||     5
 Stab: Sleeping          |     5 |     3 ||     8
       Invisible         |       |     2 ||     2
Armor: Leather armour    |    36 |    13 ||    49
       Ring mail         |       |    74 ||    74
Dodge: Dodged            |    40 |    60 ||   100
Block: Kite shield       |       |    14 ||    14
       Rpst.: Falchion   |    11 |    23 ||    34

Table legend: (Time is in decaauts)
 A = Elapsed time spent in this place.
 B = Non-inter-level travel time spent in this place.
 C = Inter-level travel time spent in this place.
 D = Time resting spent in this place.
 E = Time spent auto-exploring this place.
 F = Levels seen in this place.
 G = Mean time per level.
                   A        B        C        D        E       F      G
               +--------+--------+--------+--------+--------+-----+--------+
         Total |   3482 |   3405 |     77 |      0 |   2676 |   5 |  696.4 |
       Dungeon |   3482 |   3405 |     77 |      0 |   2676 |   5 |  696.4 |
               +--------+--------+--------+--------+--------+-----+--------+

Top non-repeatable levels by time:
     D:2: 1851 daAuts
     D:1: 934 daAuts
     D:3: 649 daAuts
     D:5: 35 daAuts
     D:4: 11 daAuts
